 Dungeon Crawl Stone Soup version 0.29.1-2-gbd0b4ee654 (webtiles) character file.

Game seed: 15173845351023515082

343 qeuew the Conjurer (level 6, 0/32 HPs)
             Began as a Deep Elf Conjurer on Nov 7, 2022.
             Slain by a river rat (4 damage)
             ... on level 5 of the Dungeon on Nov 8, 2022.
             The game lasted 00:05:08 (4972 turns).

qeuew the Conjurer (Deep Elf Conjurer)              Turns: 4972, Time: 00:05:09

Health: 0/32       AC: 10    Str:  2    XL:     6   Next: 31%
Magic:  1/15       EV:  8    Int: 25    God:
Gold:   261        SH:  0    Dex: 19    Spells: 8/15 levels left

rFire   . . .      SeeInvis .   (no weapon)
rCold   . . .      Faith    .   (no shield)
rNeg    . . .      Spirit   .   e - +1 ring mail
rPois   .          Reflect  .   (no helmet)
rElec   .          Harm     .   (no cloak)
rCorr   .          Rampage  .   (no gloves)
Will    .....                   (no boots)
Stlth   +.........              (no amulet)
HPRegen 0.10/turn               f - +6 ring of dexterity
MPRegen 0.14/turn               d - +4 ring of protection

@: very slightly contaminated, very slow
A: weak 1, wild magic 1
a: no special abilities


You were on level 5 of the Dungeon.
You visited 1 branch of the dungeon, and saw 5 of its levels.

You collected 261 gold pieces.

Inventory:

Armour
 e - a +1 ring mail (worn)
Jewellery
 a - a ring of magical power
 d - a +4 ring of protection (right hand)
 f - a +6 ring of dexterity (left hand)
 h - a ring of positive energy
 l - a ring of poison resistance
Scrolls
 c - a scroll of butterflies
 j - a scroll of fear
 p - 2 scrolls of amnesia


   Skills:
 + Level 4.4 Dodging
 + Level 4.7 Stealth
 + Level 5.0 Spellcasting
 + Level 5.6 Conjurations
 + Level 1.2 Translocations


You had 8 spell levels left.
You knew the following spells:

 Your Spells              Type           Power      Damage    Failure   Level
a - Magic Dart            Conj           100%       1d8       14%         1
b - Searing Ray           Conj           90%        2d7       22%         2
c - Iskenderun's Mystic   Conj/Tloc      30%        2d8       96%         4

Your spell library contained the following spells:

 Spells                   Type           Power      Damage    Failure   Level
 Dazzling Flash           Conj/Hex       52%        N/A       75%         3
 Mephitic Cloud           Conj/Pois/Air  20%        N/A       87%         3
 Call Imp                 Summ           8%         N/A       88%         2
 Fulminant Prism          Conj/Hex       13%        3d9       98%         4


Dungeon Overview and Level Annotations

Branches:
Dungeon (5/15)
 Temple: D:4-7

Altars:


Innate Abilities, Weirdness & Mutations

You are weak. (Str -2)
Your spells are a little harder to cast, but a little more powerful.


Message History

Aiming: Magic Dart (safe; 14% risk of failure)
Press: ? - help, Q - select action, (/) - cycle Shift-Dir - straight line, f/p - river rat
Aim: a river rat (almost dead, 100% to hit)
The magic dart hits the river rat but does no damage.
The river rat is almost dead.
The river rat bites you!
* * * LOW HITPOINT WARNING * * *
You aren't carrying any potions.
Your unstable footing causes you to fumble your attack.
The river rat bites you but does no damage.
You closely miss the river rat.
The river rat is almost dead.
The river rat bites you but does no damage.
You closely miss the river rat.
The river rat is almost dead.
The river rat barely misses you.
Aiming: Magic Dart (safe; 14% risk of failure)
Press: ? - help, Q - select action, (/) - cycle Shift-Dir - straight line, f/p - river rat
Aim: a river rat (almost dead, 100% to hit)
You miscast Magic Dart.
You are very lightly contaminated with residual magic.
Nothing appears to happen.
The river rat bites you but does no damage.
You hit the river rat but do no damage.
The river rat is almost dead.
The river rat bites you but does no damage.
You closely miss the river rat.
The river rat is almost dead.
The river rat closely misses you.
You hit the river rat but do no damage.
The river rat is almost dead.
You hear the quick rusting of a drain.
The river rat bites you but does no damage.
You barely miss the river rat.
The river rat is almost dead.
The river rat bites you.
* * * LOW HITPOINT WARNING * * *
Your unstable footing causes you to fumble your attack.
The river rat bites you.
You die...

..# ##~##
### #~~~#
#~~~# ##~##
#~# #~#
##†## ##
#~~~####~~~#
#~~~~@r~~~~#
##~######~##
###


You could see a river rat.

Vanquished Creatures
  A black bear (D:5)
  A phantom (D:4)
  A jelly (D:5)
  A gnoll (D:1)
  3 adders
  A white imp (D:3)
  An ufetubus (D:5)
  3 worms
  5 dart slugs
  3 orcs (D:3)
  2 endoplasms (D:1)
  5 giant cockroaches
  6 goblins
  8 hobgoblins
  9 jackals
  8 kobolds
  3 quokkas
  6 bats
  3 frilled lizards
  6 rats
76 creatures vanquished.

Vanquished Creatures (others)
  3 fungi (D:3)
  2 plants (D:3)
5 creatures vanquished.

Grand Total: 81 creatures vanquished

Notes
Turn   | Place    | Note
-------+----------+-------------------------------------------
     0 | D:1      | qeuew the Deep Elf Conjurer began the quest for the Orb.
     0 | D:1      | Reached XP level 1. HP: 10/10 MP: 6/6
    40 | D:1      | Reached XP level 2. HP: 4/15 MP: 1/8
   748 | D:1      | Reached XP level 3. HP: 19/19 MP: 1/10
  1231 | D:2      | Learned a level 2 spell: Searing Ray
  2073 | D:3      | Found a faded altar of an unknown god.
  2114 | D:3      | Reached XP level 4. HP: 24/24 MP: 8/11
  2677 | D:3      | Reached skill level 5 in Conjurations
  3660 | D:4      | Noticed a phantom
  3671 | D:4      | Killed a phantom
  3672 | D:4      | Reached XP level 5. HP: 22/28 MP: 2/13
  3765 | D:4      | Learned a level 4 spell: Iskenderun's Mystic Blast
  4536 | D:4      | Gained mutation: You are weak. (Str -2) [potion of
                  | mutation]
  4536 | D:4      | Gained mutation: Your spells are a little harder to cast,
                  | but a little more powerful. [potion of mutation]
  4571 | D:5      | Entered Level 5 of the Dungeon
  4578 | D:5      | Noticed a black bear
  4599 | D:5      | Killed a black bear
  4600 | D:5      | Reached skill level 5 in Spellcasting
  4600 | D:5      | Reached skill level 1 in Translocations
  4600 | D:5      | Reached XP level 6. HP: 4/32 MP: 11/15
  4972 | D:5      | Slain by a river rat

Illustrated notes

Levels and vault maps discovered:
D:1:      roderic_crop_circles_arrival_small, layout_rooms
D:2:      layout_basic, kennysheep_generic_room_16
D:3:      layout_rooms, shapermc_ecumenical_altar_ellora,
          chequers_serial_rivers_small_a, serial_bayou_pond_e,
          nicolae_hexahallways
D:4:      layout_basic
D:5:      layout_loops_corners, minmay_temple_entry_mini_moons,
          gup_sewer_entry_bubbles, uniq_ijyb, uniq_eustachio,
          uniq_blork_the_orc, uniq_pikel

Skill      XL: |  1  2  3  4  5 |
---------------+----------------+-----
Stealth        | 3 4 |  4.7
Dodging        | 3 4 |  4.4
Spellcasting   | 4 5 |  5.0
Conjurations   | 5 |  5.6
Translocations | 1 |  1.2

Action                   |  1- 3 |  4- 6 || total
-------------------------+-------+-------++-------
Melee: Unarmed           |    17 |    19 ||    36
 Cast: Magic Dart        |    79 |   106 ||   185
  Use: Scroll            |     5 |     5 ||    10
       Potion            |     3 |     6 ||     9
Armor: Robe              |     4 |       ||     4
       Ring mail         |       |    36 ||    36
Dodge: Dodged            |    15 |    17 ||    32
